 Dungeon Crawl Stone Soup version 0.30.1-11-g7821555f0a (webtiles) character file.

Game seed: 4933202485017083731

25895 H0rd4k the Spear-Bearer (level 13, -8/100 HPs)
             Began as a Human Artificer on Nov 17, 2023.
             Was an Initiate of Gozag.
             Succumbed to a death drake's dark miasma
             ... in a Gauntlet.
             The game lasted 00:41:05 (15238 turns).

H0rd4k the Spear-Bearer (Human Artificer)          Turns: 15238, Time: 00:41:06

Health: -8/100     AC: 16    Str: 17    XL:     13   Next: 54%
Magic:  25/25      EV: 14    Int: 12    God:    Gozag
Gold:   1892       SH:  0    Dex: 15    Spells: 22/28 levels left

rFire   . . .        Q - +11 trident "Segosmil" {vamp, rElec Will- Str+2}
rCold   + . .        v - orb {mayhem}
rNeg    + + .        F - +4 ring mail of the Pit {rN+ Will+ Str+2 Int-3}
rPois   .            (no helmet)
rElec   +            H - +1 cloak {Stlth+}
rCorr   .            r - +1 pair of gloves
SInv    .            n - +0 pair of boots
Will    .....        q - amulet of the acrobat
Stlth   ++           B - ring of protection from cold
HPRegen 0.36/turn    i - ring "Num Depn" {rElec rN+ Slay+3}
MPRegen 0.19/turn

%: no teleportation, mayhem, acrobat
@: confused, lethally poisoned (-8 -> -77), ambrosia-drunk, gold aura, slowed,
very slow
A: no striking features
a: Renounce Religion, Potion Petition, Call Merchant, Bribe Branch


You were in a Gauntlet.
You worshipped Gozag.
Gozag was most pleased with you.
You visited 3 branches of the dungeon, and saw 14 of its levels.
You also visited: Gauntlet and Volcano.

You collected 4163 gold pieces.
You spent 987 gold pieces at shops.
You paid 1284 gold pieces to Gozag.

Inventory:

Hand Weapons
 E - a +1 mace of holy wrath
 G - the +7 hand axe "Xompov" {freeze, rN+}
   (You found it on level 7 of the Dungeon)

   rN:        It protects you from negative energy.
 Q - the +11 trident "Segosmil" (weapon) {vamp, rElec Will- Str+2}
   (You found it on level 5 of the Dungeon)

   Str:       It affects your strength (+2).
   rElec:     It insulates you from electricity.
   Will:      It decreases your willpower.
 R - a +5 halberd of freezing
Missiles
 I - 30 poisoned darts (quivered)
Armour
 n - a +0 pair of boots (worn)
 r - a +1 pair of gloves (worn)
 v - an orb of mayhem (worn)
 F - the +4 ring mail of the Pit (worn) {rN+ Will+ Str+2 Int-3}
   (You bought it in a shop on level 8 of the Dungeon)

   Str:       It affects your strength (+2).
   Int:       It affects your intelligence (-3).
   rN:        It protects you from negative energy.
   Will:      It increases your willpower.
 H - a +1 cloak of stealth (worn)
Magical Staves
 m - the staff of fire "Xeggi" {rF+ MP+9 Str+3 Dex+4 SInv}
   (You acquired it on level 4 of the Dungeon)

   [staff of fire]

   Base accuracy: +5 Base damage: 5 Base attack delay: 1.2 This weapon's minimum
   attack delay (0.6) is reached at skill level 12.
   Str:       It affects your strength (+3).
   Dex:       It affects your dexterity (+4).
   rF:        It protects you from fire.
   MP:        It affects your magic capacity (+9).
   SInv:      It lets you see invisible.
   It falls into the 'Staves' category.
   It is a one-handed weapon.
 D - the staff of conjuration "Ynid" {SInv}
   (You found it on level 10 of the Dungeon)

   [staff of conjuration]

   Base accuracy: +5 Base damage: 5 Base attack delay: 1.2 This weapon's minimum
   attack delay (0.6) is reached at skill level 12.
   SInv:      It lets you see invisible.
   It falls into the 'Staves' category.
   It is a one-handed weapon.
Jewellery
 a - a ring of flight
 c - a ring of see invisible
 i - the ring "Num Depn" (right hand) {rElec rN+ Slay+3}
   (You acquired it on level 4 of the Dungeon)

   [ring of positive energy]

   Slay:      It affects your accuracy & damage with ranged weapons and melee
   (+3).
   rElec:     It insulates you from electricity.
   rN:        It protects you from negative energy.
 q - an amulet of the acrobat (around neck)
 y - a ring of resist corrosion
 B - a ring of protection from cold (left hand)
 L - a ring of protection from fire
 N - a ring of poison resistance
 P - the ring of Dawn {rElec Str+4 Dex+6}
   (You found it on level 6 of the Dungeon)

   [ring of dexterity]

   Str:       It affects your strength (+4).
   Dex:       It affects your dexterity (+6).
   rElec:     It insulates you from electricity.
Wands
 d - a wand of charming (10)
 h - a wand of digging (6)
 J - a wand of polymorph (4)
 K - a wand of flame (25)
 O - a wand of paralysis (2)
 S - a wand of iceblast (1)
Scrolls
 f - 3 scrolls of teleportation
 s - 2 scrolls of fog
 t - 2 scrolls of magic mapping
 u - 2 scrolls of enchant weapon
 w - 2 scrolls of amnesia
 T - a scroll of poison {unknown}
 U - a scroll of summoning {unknown}
Potions
 b - 4 potions of ambrosia
 e - a potion of mutation {unknown}
 g - a potion of brilliance {unknown}
 j - 3 potions of attraction
 k - 2 potions of magic
 l - 2 potions of flight
 o - 2 potions of cancellation
 p - 3 potions of resistance
 x - 2 potions of haste
 z - a potion of might
 A - a potion of invisibility
 C - 14 potions of degeneration
 M - 3 potions of curing


   Skills:
 + Level 8.8 Fighting
 - Level 7.8 Maces & Flails
 + Level 10.7 Polearms
 + Level 1.4 Ranged Weapons
 + Level 0.1 Throwing
 + Level 5.8 Armour
 + Level 7.7 Dodging
 + Level 4.2 Stealth
 * Level 8.1 Spellcasting
 + Level 0.5 Conjurations
 - Level 3.5 Translocations
 - Level 4.7 Fire Magic
 + Level 4.9 Evocations


You had 22 spell levels left.
You knew the following spells:

 Your Spells              Type           Power      Damage    Failure   Level
a - Blink                 Tloc           26%        N/A       9%          2
b - Momentum Strike       Conj/Tloc      18%        3d8       16%         2
c - Lesser Beckoning      Tloc           26%        N/A       9%          2

Your spell library contained the following spells:

 Spells                   Type           Power      Damage    Failure   Level
 Magic Dart               Conj           24%        1d4       21%         1
 Freeze                   Ice            16%        1d4       26%         1
 Searing Ray              Conj           12%        2d4       30%         2
 Static Discharge         Conj/Air       10%        2-3/arc   34%         2
 Sublimation of Blood     Necr           4%         N/A       36%         2
 Passage of Golubria      Tloc           13%        N/A       50%         4
 Hailstorm                Conj/Ice       5%         3d4       56%         3
 Frozen Ramparts          Ice            8%         1d2       58%         3
 Tukima's Dance           Hex            4%         N/A       58%         3
 Fulminant Prism          Conj/Hex       2%         3d5       92%         4
 Airstrike                Air            2%         2d(1-17)  94%         4
 Petrify                  Tmut/Erth      4%         N/A       94%         4
 Summon Lightning Spire   Summ/Air       4%         N/A       94%         4
 Fireball                 Conj/Fire      5%         3d5       94%         5
 Irradiate                Conj/Tmut      2%         3d12      99%         5
 Iskenderun's Battlesphe  Conj           6%         2d6       99%         5
 Yara's Violent Unravell  Hex/Tmut       2%         3d3       100%        5
 Conjure Ball Lightning   Conj/Air       2%         3x3d6     100%        6
 Orb of Destruction       Conj           3%         9d5       100%        7


Dungeon Overview and Level Annotations

Branches:
Dungeon (10/15)            Temple (1/1) D:6            Lair (3/5) D:8
 Shoals (0/4) Lair:2       Spider (0/4) Lair:3          Orc (0/2) D:10
Volcano (visited)         Gauntlet (1/1)

Altars:
Ashenzari
Cheibriados
Dithmenos
Elyvilon
Fedhas
Gozag
Hepliaklqana
Kikubaaqudgha
Makhleb
Nemelex Xobeh
Okawaru
Qazlal
Ru
Sif Muna
Trog
Uskayaw
Vehumet
Wu Jian
Xom
Yredelemnul
Zin
The Shining One

Shops:
D:5 ?   D:8 [?

Annotations:
D:6 exclusion: downstairs
Lair:1 2 runed translucent doors, exclusions: 2 doors and 2 downstairs, kalagan's ghost, journeyman DECj Gauntlet 7 transporters


Message History

You hit the harpy zombie.
The harpy zombie is severely damaged.
The harpy zombie claws you but does no damage.
The harpy zombie claws you. x3
You impale the harpy zombie!!
You destroy the harpy zombie!
The death drake breathes miasma at you. The foul vapour engulfs you!
You are poisoned.
Unknown command.
You puncture the death drake!
You feel better.
The death drake is lightly wounded.
You are engulfed in dark miasma.
You are more poisoned.
You feel yourself slow down.
You feel extremely sick. The death drake barely misses you.
You puncture the death drake!
The death drake is moderately wounded.
You are engulfed in dark miasma.
You are lethally poisoned!
You feel extremely sick. The death drake breathes miasma at you.
The foul vapour engulfs you!
You are more poisoned.
* * * LOW HITPOINT WARNING * * *
Okay, then.
You impale the death drake!!
You feel better.
The death drake is heavily wounded.
You are engulfed in dark miasma.
You are more poisoned.
* * * LOW HITPOINT WARNING * * *
You feel extremely sick.
The death drake bites you but does no damage.
The death drake closely misses you.
Okay, then.
Unknown command.
You are confused.
You feel invigorated.
You die...
Your body crumbles into a pile of gold.

## ### ### ### ### ### ### ### ##
≈###≈###≈###≈###≈###≈###≈###≈###≈
≈≈#≈≈≈#≈≈≈#≈≈≈#≈≈≈#≈≈≈#≈≈≈#≈≈≈#≈≈
.................................
#########...#########...#########
#^...uGu#.8.#.......#.8.#.......#
#..####G#...#.!.##..#...#....#..#
#[#u.^#.#####.[##k.######...###.#
#©#.©.#.#©.©#©##@$###©.©#©.#©#..#
#!#^..#.#...###..##Z#...#(###...#
#.####..#...##..##..#...#..#.$..#
#......^#8©8#.......#8©8#.......#
#################################
.................................
≈≈#≈≈≈#≈≈≈#≈≈≈#≈≈≈#...8⌠8..8∩8..8
≈###≈###≈###≈###≈###.............
## ### ### ### ### ##############


You could see a death drake (catching breath).

Vanquished Creatures
  A centaur warrior (Volcano)
  A two-headed ogre (D:7)
  2 boulder beetles
  A soul eater (Gauntlet)
  A hell knight (Volcano)
  A skyshark (Lair:2)
  A pharaoh ant (Lair:3)
  A wizard (Gauntlet)
  A black mamba (Lair:1)
  An ice statue (Gauntlet)
  2 cane toads (Lair:1)
  2 komodo dragons
  3 yaktaurs (Volcano)
  A kobold demonologist (D:9)
  2 rime drakes
  A queen bee (Lair:1)
  A harpy zombie (Gauntlet)
  A polar bear (Lair:1)
  4 blink frogs (Lair:2)
  A shadow (D:9)
  A vampire (D:10)
  A wraith (D:10)
  3 wyverns
  29 yaks
  3 steam dragons
  Eustachio (D:6)
  A redback (Lair:3)
  3 fire bats (Volcano)
  2 vampire mosquitoes (D:10)
  15 water moccasins
  4 orc warriors
  A swamp drake (D:10)
  3 sky beasts
  An ice beast (D:7)
  2 black bears (D:8)
  4 wolves (Lair:1)
  10 centaurs
  2 phantoms
  11 bullfrogs
  3 kobold brigands
  A scorpion (D:5)
  10 wights
  35 killer bees
  A howler monkey (D:8)
  4 lava snakes (Volcano)
  4 crimson imps (D:3)
  6 hounds
  3 jellies
  7 orc priests
  A gnoll bouda (D:7)
  8 iguanas
  4 sleepcaps
  9 orc wizards
  5 adders
  3 gnolls (D:7)
  6 shadow imps
  A white imp (Gauntlet)
  4 worms
  2 dart slugs
  45 orcs
  8 ball pythons
  5 bats
  10 endoplasms
  6 giant cockroaches
  5 goblins
  5 hobgoblins
  6 jackals
  3 quokkas
  3 frilled lizards
  7 kobolds
  5 rats
351 creatures vanquished.

Vanquished Creatures (collateral kills)
  A cane toad (Lair:2)
  6 yaks
  2 basilisks (Lair:3)
  A fire bat (Volcano)
  A centaur (Lair:2)
  A lava snake (Volcano)
  A hobgoblin (D:4)
13 creatures vanquished.

Vanquished Creatures (others)
  A yak (Lair:2)
  A fire bat (Volcano)
  A bullfrog (Lair:3)
  A wight (D:6)
  An orc (D:7)
5 creatures vanquished.

Grand Total: 369 creatures vanquished

Notes
Turn   | Place    | Note
-------+----------+-------------------------------------------
     0 | D:1      | H0rd4k the Human Artificer began the quest for the Orb.
     0 | D:1      | Reached XP level 1. HP: 15/15 MP: 1/1
   171 | D:1      | Reached XP level 2. HP: 10/21 MP: 2/2
   657 | D:1      | Reached XP level 3. HP: 9/26 MP: 3/3
   998 | D:2      | Reached skill level 1 in Maces & Flails
  1486 | D:2      | Reached XP level 4. HP: 28/33 MP: 4/4
  2145 | D:3      | Found a faded altar of an unknown god.
  2423 | D:3      | Found a shimmering altar of Xom.
  2427 | D:3      | Reached XP level 5. HP: 38/38 MP: 5/5
  2488 | D:3      | Reached XP level 6. HP: 43/46 MP: 6/6
  3359 | D:4      | Reached XP level 7. HP: 26/51 MP: 7/7
  3996 | D:4      | Identified 2 scrolls of acquirement
  3998 | D:4      | Acquired the staff of fire "Xeggi" {rF+ MP+9 Str+3 Dex+4
                  | SInv}
  4000 | D:4      | Acquired the ring "Num Depn" {rElec rN+ Slay+3}
  4009 | D:4      | Learned a level 2 spell: Blink
  4077 | D:5      | Entered Level 5 of the Dungeon
  4077 | D:5      | Noticed a wyvern
  4124 | D:5      | Identified the +11 trident "Segosmil" {vamp, rElec Will-
                  | Str+2}
  4317 | D:5      | Found Damew's Magic Scroll Emporium.
  4398 | D:5      | Reached skill level 1 in Spellcasting
  4398 | D:5      | Reached skill level 1 in Fire Magic
  4543 | D:5      | Killed a wyvern
  4544 | D:5      | Reached skill level 5 in Maces & Flails
  4544 | D:5      | Reached XP level 8. HP: 47/59 MP: 8/10
  5273 | D:6      | Noticed Eustachio
  5276 | D:6      | Killed Eustachio
  5306 | D:6      | Reached XP level 9. HP: 19/66 MP: 11/13
  5559 | D:6      | You are sucked into a shaft and drop 2 floors!
  5629 | D:7      | Identified the +7 hand axe "Xompov" {freeze, rN+}
  5651 | D:7      | Reached skill level 1 in Translocations
  6056 | D:7      | Reached skill level 5 in Dodging
  6096 | D:7      | Reached skill level 5 in Fighting
  6108 | D:7      | Found a hide-covered altar of Uskayaw.
  6264 | D:6      | Found a staircase to the Ecumenical Temple.
  6276 | Temple   | Entered the Ecumenical Temple
  6652 | D:6      | Reached XP level 10. HP: 63/74 MP: 15/15
  6673 | D:6      | Reached skill level 1 in Ranged Weapons
  6777 | D:6      | Identified the ring of Dawn {rElec Str+4 Dex+6}
  7019 | D:6      | Acquired 1245 gold pieces
  7167 | D:7      | Noticed a two-headed ogre
  7366 | D:7      | Killed a two-headed ogre
  7510 | D:7      | Found an ancient bone altar of Kikubaaqudgha.
  7512 | D:7      | Found an opulent altar of Gozag.
  7517 | D:7      | Became a worshipper of Gozag Ym Sagoz the Greedy
  7980 | D:8      | Reached skill level 1 in Polearms
  8052 | D:8      | Found a staircase to the Lair.
  8083 | D:8      | Reached skill level 2 in Polearms
  8140 | D:8      | Reached skill level 5 in Spellcasting
  8201 | D:8      | Reached skill level 3 in Polearms
  8226 | D:8      | Reached XP level 11. HP: 79/83 MP: 18/18
  8464 | D:8      | Noticed a boulder beetle
  8493 | D:8      | Killed a boulder beetle
  8494 | D:8      | Reached skill level 4 in Polearms
  8905 | D:5      | Bought a scroll of acquirement for 624 gold pieces
  8911 | D:5      | Learned a level 2 spell: Momentum Strike
  8913 | D:5      | Acquired 453 gold pieces
  9051 | D:9      | Reached skill level 5 in Polearms
  9362 | D:9      | Noticed a soul eater
  9678 | D:9      | Reached skill level 6 in Polearms
 10110 | D:10     | Entered Level 10 of the Dungeon
 10453 | D:10     | Identified the staff of conjuration "Ynid" {SInv}
 10661 | D:10     | Reached skill level 7 in Polearms
 11013 | D:10     | Found a staircase to the Orcish Mines.
 11252 | D:10     | Reached XP level 12. HP: 91/91 MP: 21/21
 11657 | D:8      | Bought a glimmering ring mail for 198 gold pieces
 11657 | D:8      | Identified the +4 ring mail of the Pit {rN+ Will+ Str+2
                  | Int-3} (You bought it in a shop on level 8 of the Dungeon)
 11657 | D:8      | Bought a glowing cloak for 165 gold pieces
 11701 | Lair:1   | Entered Level 1 of the Lair of Beasts
 11852 | Lair:1   | Reached skill level 8 in Polearms
 11985 | Lair:1   | Found a large runed translucent door.
 11986 | Lair:1   | Found a large runed translucent door.
 11988 | Lair:1   | Noticed kalagan's ghost (journeyman DECj)
 12534 | Lair:1   | Noticed a boulder beetle
 12550 | Lair:1   | Learned a level 2 spell: Lesser Beckoning
 12561 | Lair:1   | HP: 1/92 [boulder beetle (16)]
 12573 | Lair:1   | Killed a boulder beetle
 12574 | Lair:1   | Reached skill level 9 in Polearms
 13248 | Lair:2   | Noticed a skyshark
 13531 | Lair:2   | Reached XP level 13. HP: 98/98 MP: 23/23
 13775 | Lair:2   | Found a staircase to the Shoals.
 14391 | Lair:3   | Found a hole to the Spider Nest.
 14399 | Lair:3   | Reached skill level 5 in Armour
 14420 | Lair:3   | Reached skill level 10 in Polearms
 14467 | Lair:3   | Found a dark tunnel.
 14475 | Volcano  | Entered a volcano
 14548 | Volcano  | Noticed a centaur warrior
 14558 | Volcano  | Killed a centaur warrior
 14656 | Volcano  | Found a burning altar of Makhleb.
 14690 | Volcano  | Found a bloodstained altar of Trog.
 14748 | Lair:3   | Found a gate leading to a gauntlet.
 14780 | Gauntlet | Entered a Gauntlet
 14780 | Gauntlet | Found a transporter.
 14832 | Gauntlet | Found a transporter.
 14835 | Gauntlet | Found a transporter.
 14836 | Gauntlet | Found a transporter.
 14842 | Gauntlet | Found a runed translucent gate.
 14842 | Gauntlet | Found a runed translucent gate.
 14842 | Gauntlet | Found a runed translucent gate.
 14844 | Gauntlet | Found a transporter.
 14847 | Gauntlet | Found a transporter.
 14848 | Gauntlet | Found a transporter.
 14857 | Gauntlet | Found a transporter.
 14859 | Gauntlet | Found a transporter.
 14860 | Gauntlet | Found a transporter.
 14872 | Gauntlet | Found a transporter.
 14873 | Gauntlet | Found a transporter.
 14877 | Gauntlet | Found a transporter.
 14884 | Gauntlet | Found a transporter.
 15238 | Gauntlet | Succumbed to a death drake's dark miasma

Illustrated notes

Levels and vault maps discovered:
D:1:      evilmike_arrival_crescent, layout_basic
D:2:      layout_basic
D:3:      layout_loops_corners, led_xom_imps,
          shapermc_ecumenical_altar_hornbeckon, serial_forest,
          infiniplex_forest_lined_corner, infiniplex_forest_end_double,
          infiniplex_forest_corner_2, infiniplex_forest_clump_small,
          infiniplex_forest_fountain, infiniplex_forest_clump_cross,
          infiniplex_forest_lined_corner, kennysheep_generic_room_14
D:4:      layout_rooms
D:5:      layout_loops_ring, serial_shops, shop, kennysheep_small_square
D:6:      layout_basic, minmay_temple_entry_statues, uniq_eustachio
D:7:      minmay_skewed_foursquare, layout_rooms, mainiacjoe_overflow_alcove_1,
          mainiacjoe_overflow_big_doors
D:8:      layout_basic, due_lair_maze_entry_diamond, minmay_fractal_squares_5
D:9:      layout_irregular_city, grunt_decor_one_mirror
D:10:     nicolae_cairo_tiling_large_dashed, layout_long_grid, erik_orc_1,
          serial_bayou_pond_d
Temple:   eino_narrow_crystal_temple
Lair:1:   layout_cave_pods, special_room [special_room_bee],
          ebering_ghost_disaster_area, lemuel_fruit_tree
Lair:2:   layout_cave_pods, minmay_shoals_entry_centaurs
Lair:3:   layout_layer_cave, nicolae_spider_entry_lesser_pyramids,
          gauntlet_entry_generic, enter_volcano_1, kennysheep_basilisk_garden
Gauntlet: gammafunk_gauntlet_77_escape_option
          [minmay_gauntlet_arena_77_broken_ladder,
          minmay_gauntlet_arena_77_run_for_it,
          minmay_gauntlet_arena_77_double_cross,
          minmay_gauntlet_arena_77_two_lines, minmay_gauntlet_arena_77_box,
          dreamdust_gauntlet_exit_labyrinth]

Skill      XL: |  1  2  3  4  5  6  7  8  9 10 11 12 13 |
---------------+----------------------------------------+-----
Maces & Flails | 1 2 3 5 6 7 |  7.8
Fighting       | 2 3 4 5 6 7 8 |  8.8
Dodging        | 2 3 4 5 6 7 |  7.7
Evocations     | 4 |  4.9
Spellcasting   | 1 2 3 5 6 7 8 |  8.1
Fire Magic     | 1 2 4 |  4.7
Translocations | 2 3 |  3.5
Ranged Weapons | 1 |  1.4
Polearms       | 3 7 9 10 | 10.7
Stealth        | 2 3 4 |  4.2
Armour         | 3 4 5 |  5.8
Throwing       | |  0.1
Conjurations   | |  0.5

Action                     |  1- 3 |  4- 6 |  7- 9 | 10-12 | 13-15 || total
---------------------------+-------+-------+-------+-------+-------++-------
  Melee: Club              |   169 |    64 |       |       |       ||   233
         Punch             |     2 |     1 |     3 |    10 |       ||    16
         Mace              |       |   166 |    10 |    27 |       ||   203
         Whip              |       |    33 |   304 |    29 |       ||   366
         Staff             |       |       |     2 |     8 |       ||    10
         Trident           |       |       |       |   594 |   150 ||   744
   Fire: Shortbow          |       |       |     4 |       |       ||     4
  Throw: Dart              |       |       |       |     5 |       ||     5
   Cast: Momentum Strike   |       |       |       |    10 |       ||    10
 Invoke: Call Merchant     |       |       |       |     2 |       ||     2
  Evoke: Wand              |     6 |    12 |    11 |    19 |     1 ||    49
    Use: Scroll            |       |       |    15 |    12 |     4 ||    31
         Potion            |       |       |       |     5 |     4 ||     9
   Stab: Sleeping          |     5 |     3 |       |     7 |       ||    15
         Paralysed         |       |       |       |     6 |       ||     6
         Distracted        |       |       |       |     8 |     1 ||     9
 Armour: Leather armour    |    64 |    62 |    71 |    67 |       ||   264
         Ring mail         |       |       |       |    97 |    59 ||   156
  Dodge: Dodged            |   134 |   181 |   208 |   570 |   128 ||  1221
